 Dungeon Crawl Stone Soup version 0.32-a0-841-g4648e6c457 (webtiles) character file.

Game seed: 7079015996340157171

3362 tilp the Jinx (level 9, -1/68 HPs)
             Began as a Vampire Enchanter on Mar 26, 2024.
             Was a Priest of Wu Jian.
             Slain by a yak (12 damage)
             ... on level 7 of the Dungeon.
             The game lasted 00:15:25 (7209 turns).

tilp the Jinx (Vampire Enchanter)                   Turns: 7209, Time: 00:15:25

Health: -1/68      AC:  7    Str:  7    XL:     9   Next: 73%
Magic:  2/15       EV: 13    Int: 21    God:    Wu Jian [***...]
Gold:   643        SH:  0    Dex: 15    Spells: 5/16 levels left

rFire   . . .        a - +1 dagger (chaos)
rCold   + . .        (no shield)
rNeg    . . .        n - +0 robe {Will+}
rPois   .            q - +2 helmet
rElec   .            (no cloak)
rCorr   .            (no gloves)
SInv    +            g - +1 pair of boots
Will    ++...        p - amulet of the acrobat
Stlth   ++++         A - ring of protection from cold
HPRegen 0.51/turn    l - ring of willpower
MPRegen 0.14/turn

%: acrobat
@: healing quickly, invisible
A: alive, fangs 3, see invisible, vampiric 2
a: Exsanguinate, Renounce Religion, Wall Jump, Serpent's Lash


You were on level 7 of the Dungeon.
You worshipped Wu Jian.
Wu Jian was most pleased with you.
You visited 1 branch of the dungeon, and saw 8 of its levels.
You also visited: Ossuary.

You collected 643 gold pieces.

Inventory:

Hand Weapons
 a - a +1 dagger of chaos (weapon)
 b - a +0 long sword
 F - a +0 dagger
Missiles
 k - 5 curare-tipped darts
 m - 15 poisoned darts (quivered)
 o - 5 throwing nets {!f}
Armour
 g - a +1 pair of boots (worn)
 n - a +0 robe of willpower (worn)
 q - a +2 helmet (worn)
 s - the +0 pair of boots of Zeutianimn {rElec Dex+4}
   (You found it on level 4 of the Dungeon)

   Dex+4:     It affects your dexterity (+4).
   rElec:     It insulates you from electricity.
Jewellery
 f - a ring of protection from fire
 l - a ring of willpower (right hand)
 p - an amulet of the acrobat (around neck)
 u - a ring of protection from fire
 A - a ring of protection from cold (left hand)
 D - a ring of resist corrosion
Wands
 C - a wand of light (10)
 E - a wand of iceblast (3)
Scrolls
 i - 2 scrolls of fear
 w - a scroll of revelation
 x - 2 scrolls of blinking
 y - 2 scrolls of amnesia
 z - a scroll of vulnerability
Potions
 c - a potion of invisibility
 d - 2 potions of lignification
 e - a potion of magic
 h - 4 potions of enlightenment
 j - a potion of curing
 r - 2 potions of mutation
 t - 4 potions of resistance
 v - 2 potions of brilliance
 B - 3 potions of heal wounds
 G - a potion of attraction {unknown}


   Skills:
 * Level 5.3 Fighting
 - Level 3.3(5.3) Short Blades
 * Level 5.8(6.2) Long Blades
 + Level 2.9 Armour
 + Level 5.0 Dodging
 + Level 7.9 Stealth
 + Level 4.2 Spellcasting
 * Level 9.6 Hexes
 + Level 1.8 Evocations


You had 5 spell levels left.
You knew the following spells:

 Your Spells              Type           Power      Damage    Failure   Level
a - Ensorcelled Hibernat  Hex/Ice        48%        N/A       2%          2
b - Confusing Touch       Hex            45%        N/A       1%          3
c - Tukima's Dance        Hex            45%        N/A       1%          3
d - Dazzling Flash        Conj/Hex       48%        N/A       4%          3

Your spell library contained the following spells:

 Spells                   Type           Power      Damage    Failure   Level
 Mephitic Cloud           Conj/Alch/Air  4%         N/A       34%         3
 Volatile Blastmotes      Fire/Tloc      8%         2d10      34%         3
 Silence                  Hex/Air        12%        N/A       41%         5
 Fulminant Prism          Conj/Alch      2%         3d5       75%         4
 Iskenderun's Mystic Bla  Conj/Tloc      4%         2d3       75%         4
 Curse of Agony           Necr           4%         N/A       97%         5


Dungeon Overview and Level Annotations

Branches:
Dungeon (8/15)             Temple (0/1) D:5         Ossuary (visited)
   Lair: D:8-11

Altars:
Wu Jian

Shops:
D:5 !   D:8 *

Annotations:
D:5 exclusion: oklob sapling


Innate Abilities, Weirdness & Mutations

Your natural rate of healing is accelerated.
You have razor-sharp teeth.
You have supernaturally acute eyesight. (SInv)
You are afflicted with vampirism and can become a bat while bloodless.


Message History

Aiming: Ensorcelled Hibernation (safe; 2% risk of failure)
Press: ? - help, Shift-Dir - straight line, f - yak
Aim: a yak (lightly wounded, chance to affect: 55%)
The yak resists with significant effort.
The yak gores you! The yak gores you.
Unknown command.
You are too injured to fight recklessly!
Casting: Ensorcelled Hibernation (safe; 2% risk of failure)
Confirm with . or Enter, or press ? or * to list all spells.
Aiming: Ensorcelled Hibernation (safe; 2% risk of failure)
Press: ? - help, Shift-Dir - straight line, f/p - yak
Aim: a yak (lightly wounded, chance to affect: 55%)
The yak resists with significant effort.
The yak gores you. The yak gores you but does no damage.
Unknown command.
You hit the yak but do no damage.
The yak is lightly wounded.
Casting: Ensorcelled Hibernation (safe; 2% risk of failure)
Confirm with . or Enter, or press ? or * to list all spells.
You don't have enough magic to cast this spell.
Unknown command.
Unknown command.
You spin and attack the yak.
You barely miss the yak.
The yak is lightly wounded.
You spin and attack the yak repeatedly.
You completely miss the yak. You hit the yak.
The yak seems to speed up.
The yak is lightly wounded.
The yak misses you. The yak barely misses you. The yak gores you!
* * * LOW HITPOINT WARNING * * *
You spin and attack the yak.
You hit the yak. Lightning courses through the yak!
The yak is moderately wounded.
The yak gores you!
* * * LOW HITPOINT WARNING * * *
Unknown command.
The yak barely misses you.
Unknown command.
You fade into invisibility!
The yak gores you!
You die...

#.........# #.........#
#.........# #.........#
######.........##
................#
#####...........#
#.......#.#.)..##
##.........#....@######
...>.......#.....Y.>..#
##.....<.........Y....#
.........#.#....#.....#
##....####............#
##..................###
.<.........#....#####
...##......######
..##.......###


You could see 2 yaks.

Vanquished Creatures
  A dancing weapon (D:7)
  Sigmund (D:3)
  A yak (D:8)
  A steam dragon (D:8)
  2 water moccasins
  A sky beast (D:6)
  2 ice beasts (D:7)
  A centaur (D:7)
  3 ogres
  3 bullfrogs
  An elf zombie (Ossuary)
  2 kobold brigands (D:7)
  A gnoll sergeant (D:8)
  5 scorpions
  A wight (D:7)
  4 killer bees (D:8)
  A howler monkey (D:5)
  4 bombardier beetles
  A human zombie (Ossuary)
  2 hounds (D:5)
  4 orc priests (D:6)
  2 sleepcaps
  3 iguanas
  3 hell rats (D:7)
  A hound zombie (Ossuary)
  4 mummies (Ossuary)
  Robin (D:3)
  10 gnolls
  8 river rats
  6 adders
  A shadow imp (D:7)
  A white imp (D:8)
  4 ufetubi (D:6)
  An adder zombie (Ossuary)
  A dart slug (D:4)
  A ribbon worm (D:3)
  4 orcs
  8 endoplasms
  4 giant cockroaches
  26 goblins
  12 hobgoblins
  9 jackals
  22 kobolds
  11 quokkas
  6 ball pythons
  7 bats
  2 frilled lizards
  A goblin zombie (Ossuary)
  2 hobgoblin zombies (Ossuary)
  A jackal zombie (Ossuary)
  2 kobold zombies (Ossuary)
  2 orc zombies (Ossuary)
  19 rats
227 creatures vanquished.

Vanquished Creatures (collateral kills)
  A gnoll bouda (D:6)
  A quokka (D:7)
2 creatures vanquished.

Grand Total: 229 creatures vanquished

Notes
Turn   | Place    | Note
-------+----------+-------------------------------------------
     0 | D:1      | tilp the Vampire Enchanter began the quest for the Orb.
     0 | D:1      | Reached XP level 1. HP: 13/13 MP: 3/3
   131 | D:1      | Reached XP level 2. HP: 20/20 MP: 5/5
   144 | D:1      | Learned a level 2 spell: Ensorcelled Hibernation
   279 | D:1      | Reached skill level 1 in Long Blades
   385 | D:1      | Gained mutation: You are afflicted with vampirism and can
                  | become a bat while bloodless. [Vampire growth]
   385 | D:1      | Reached XP level 3. HP: 23/25 MP: 6/6
   389 | D:1      | Learned a level 3 spell: Confusing Touch
   554 | D:1      | Reached skill level 1 in Fighting
   973 | D:2      | Reached skill level 5 in Hexes
   973 | D:2      | Reached XP level 4. HP: 31/32 MP: 0/7
  2156 | D:3      | Noticed Sigmund
  2163 | D:3      | Killed Sigmund
  2164 | D:3      | Reached skill level 5 in Stealth
  2164 | D:3      | Reached XP level 5. HP: 29/38 MP: 1/8
  2164 | D:3      | Reached XP level 6. HP: 34/44 MP: 1/9
  2493 | D:3      | Noticed Robin
  2603 | D:3      | Killed Robin
  3115 | D:4      | Reached skill level 6 in Hexes
  3118 | D:4      | Identified the +0 pair of boots of Zeutianimn {rElec Dex+4}
  3132 | D:4      | Found an ornate altar of the Wu Jian Council.
  3468 | D:4      | Became a worshipper of the Wu Jian Council
  3499 | D:5      | Entered Level 5 of the Dungeon
  3507 | D:5      | Reached XP level 7. HP: 51/51 MP: 1/11
  3599 | D:5      | Found a sand-covered staircase.
  3618 | D:5      | Reached skill level 1 in Armour
  3707 | Ossuary  | Entered an ossuary
  3844 | Ossuary  | Reached * piety under Wu Jian
  3909 | Ossuary  | Reached skill level 7 in Hexes
  4000 | D:5      | Learned a level 3 spell: Tukima's Dance
  4004 | D:5      | Learned a level 3 spell: Dazzling Flash
  4123 | D:5      | Found Galirr's Distillery.
  4185 | D:5      | Reached XP level 8. HP: 44/58 MP: 9/12
  4311 | D:5      | Found a staircase to the Ecumenical Temple.
  5095 | D:6      | Reached skill level 8 in Hexes
  5894 | D:7      | Reached XP level 9. HP: 66/66 MP: 9/14
  5903 | D:7      | Reached ** piety under Wu Jian
  5904 | D:7      | Reached skill level 5 in Long Blades
  6342 | D:7      | Reached skill level 1 in Evocations
  6556 | D:7      | Reached skill level 9 in Hexes
  6838 | D:8      | Reached skill level 5 in Fighting
  6997 | D:8      | Reached *** piety under Wu Jian
  7191 | D:8      | Reached skill level 5 in Dodging
  7191 | D:8      | Found Etep's Lightly-Used Armoury.
  7209 | D:7      | Slain by a yak

Illustrated notes

Levels and vault maps discovered:
D:1:      saegor_arrival_simple_b, layout_rooms, st_stairs_6, serial_park_tiny_2
D:2:      layout_loops_cross, dreamdust_wishing_well,
          minmay_misc_feat_secret_circle
D:3:      cheibrodos_greedy_goblins, layout_basic, guppyfry_early_orc_mine,
          uniq_robin, uniq_sigmund
D:4:      layout_cave_pools, lemuel_tele_altar
D:5:      layout_cave_pools, minmay_temple_entry_oklob, enter_ossuary_3,
          nicolae_stop_n_shop_1
D:6:      layout_rooms, nicolae_elyvilon_peaceful_grove,
          chequers_serial_rivers_micro_c
D:7:      lemuel_ratsnest, layout_rooms, nicolae_underground_beach
D:8:      layout_cave_pools, minivault_27, minmay_shop_damaged

Skill      XL: |  1  2  3  4  5  6  7  8  9 |
---------------+----------------------------+-----
Long Blades    | 1 2 3 4 5 |  5.8
Fighting       | 1 2 3 4 5 |  5.3
Short Blades   | 2 3 |  3.3
Hexes          | 5 6 7 8 9 |  9.6
Stealth        | 5 6 7 |  7.9
Dodging        | 3 4 5 |  5.0
Armour         | 1 2 |  2.9
Spellcasting   | 3 4 |  4.2
Evocations     | 1 |  1.8

Action                     |  1- 3 |  4- 6 |  7- 9 || total
---------------------------+-------+-------+-------++-------
  Melee: Dagger            |   166 |   157 |   212 ||   535
         Bite              |     8 |    14 |    36 ||    58
         Long sword        |       |       |   138 ||   138
  Throw: Dart              |       |     1 |       ||     1
   Cast: Ensorcelled Hiber |     9 |    25 |    81 ||   115
         Confusing Touch   |       |       |    13 ||    13
         Tukima's Dance    |       |       |     3 ||     3
         Dazzling Flash    |       |       |     1 ||     1
Ability: Lunge             |       |       |    23 ||    23
         Whirlwind         |       |       |    11 ||    11
    Use: Scroll            |     4 |     6 |    12 ||    22
         Potion            |       |       |     1 ||     1
   Stab: Sleeping          |    11 |    21 |    53 ||    85
         Confused          |       |       |    12 ||    12
         Invisible         |       |       |     1 ||     1
 Armour: Robe              |   123 |    53 |   213 ||   389
  Dodge: Dodged            |    92 |    84 |   325 ||   501

Table legend: (Time is in decaauts)
 A = Elapsed time spent in this place.
 B = Non-inter-level travel time spent in this place.
 C = Inter-level travel time spent in this place.
 D = Time resting spent in this place.
 E = Time spent auto-exploring this place.
 F = Levels seen in this place.
 G = Mean time per level.
                   A        B        C        D        E       F      G
               +--------+--------+--------+--------+--------+-----+--------+
         Total |   7152 |   6960 |    192 |    832 |   4336 |   9 |  794.7 |
       Dungeon |   6866 |   6674 |    192 |    832 |   4181 |   8 |  858.2 |
       Ossuary |    286 |    286 |      0 |      0 |    155 |   1 |  286.0 |
               +--------+--------+--------+--------+--------+-----+--------+

Top non-repeatable levels by time:
     D:3: 1285 daAuts
     D:7: 1233 daAuts
     D:6: 932 daAuts
     D:2: 909 daAuts
     D:5: 824 daAuts
     D:1: 695 daAuts
     D:4: 569 daAuts
     D:8: 416 daAuts
 Ossuary: 286 daAuts
